 Dungeon Crawl Stone Soup version 0.30-a0-439-g9e77e4d916 (webtiles) character file.

Game seed: 11079695929672309105

33787 Emberiza the Severer (level 13, -2/116 HPs)
             Began as a Minotaur Berserker on Dec 10, 2022.
             Was a High Priest of Trog.
             Slain by a death yak (13 damage)
             ... on level 5 of the Lair of Beasts.
             The game lasted 00:20:11 (13176 turns).

Emberiza the Severer (Minotaur Berserker)          Turns: 13176, Time: 00:20:12

Health: -2/116     AC: 24    Str: 26    XL:     13   Next: 38%
Magic:  12/12      EV:  9    Int: 11    God:    Trog [*****.]
Gold:   799        SH: 11    Dex: 11    Spells: 12/12 levels left

rFire   + . .      SeeInvis .    q - +6 broad axe (flame)
rCold   . . .      Faith    .    I - +0 kite shield
rNeg    . . .      Spirit   .    S - +0 plate armour of Ixkiont {rF+}
rPois   .          Reflect  .    N - +1 hat {Int+3}
rElec   .          Harm     .    u - +0 cloak
rCorr   +          Rampage  .    r - +0 pair of gloves
Will    +++..                    k - +0 pair of boots of Ziocuum {rCorr Int+4 Stlth+}
Stlth   ..........               m - amulet of regeneration
HPRegen 2.19/turn                y - ring of willpower
MPRegen 0.13/turn                A - +4 ring of protection

@: strong-willed, on berserk cooldown, regenerating, slowed, very slow
A: horns 2, retaliatory headbutt
a: Renounce Religion, Berserk, Trog's Hand, Brothers in Arms


You were on level 5 of the Lair of Beasts.
You worshipped Trog.
Trog was extremely pleased with you.
You visited 2 branches of the dungeon, and saw 16 of its levels.
You visited the Abyss 1 time.

You collected 799 gold pieces.

Inventory:

Hand Weapons
 a - a +0 hand axe
 n - a +0 war axe
 q - a +6 broad axe of flaming (weapon)
 s - the +9 war axe "Pysolief" {vamp, rF+ Will- Dex+4}
   (You found it on level 2 of the Dungeon)

   It occasionally heals its wielder for a portion of the damage dealt when it
   wounds a living foe.
   Dex:       It affects your dexterity (+4).
   rF:        It protects you from fire.
   Will:      It decreases your willpower.
 U - a +0 demon whip of venom
Missiles
 Q - 25 poisoned darts
 T - 2 throwing nets
Armour
 k - the +0 pair of boots of Ziocuum (worn) {rCorr Int+4 Stlth+}
   (You found it on level 3 of the Lair of Beasts)

   Int:       It affects your intelligence (+4).
   rCorr:     It protects you from acid and corrosion.
   Stlth:     It makes you more stealthy.
 r - a +0 pair of gloves (worn)
 u - a +0 cloak (worn)
 I - a +0 kite shield (worn)
 N - a +1 hat of intelligence (worn)
 S - the +0 plate armour of Ixkiont (worn) {rF+}
   (You found it on level 10 of the Dungeon)

   rF:        It protects you from fire.
Jewellery
 j - a +6 ring of intelligence
 m - an amulet of regeneration (around neck)
 y - a ring of willpower (left hand)
 A - a +4 ring of protection (right hand)
 J - a ring of see invisible
 K - a ring of protection from fire
 R - a +6 ring of dexterity
 V - the amulet "Pauthru" {Acrobat Slay+2}
   (You found it on level 2 of the Lair of Beasts)

   [amulet of the acrobat]

   It increases your evasion while moving and waiting.
   Slay:      It affects your accuracy & damage with ranged weapons and melee
   (+2).
Wands
 x - a wand of paralysis (14) (quivered)
 L - a wand of iceblast (11)
 O - a wand of flame (20)
 P - a wand of quicksilver (7)
Scrolls
 b - a scroll of enchant armour
 h - a scroll of summoning
 l - 6 scrolls of teleportation
 t - 2 scrolls of butterflies
 w - a scroll of magic mapping
 C - 4 scrolls of immolation
 E - a scroll of acquirement
 F - 4 scrolls of poison
 W - a scroll of silence
 X - 2 scrolls of identify
Potions
 d - 5 potions of attraction
 e - 5 potions of might
 f - 10 potions of curing
 i - 3 potions of lignification {unknown}
 o - 4 potions of flight {unknown}
 v - 7 potions of berserk rage
 z - 4 potions of mutation {unknown}
 B - a potion of magic {unknown}
 D - 2 potions of resistance {unknown}
 G - 2 potions of haste {unknown}


   Skills:
 + Level 11.3 Fighting
 - Level 18.0 Axes
 + Level 11.0 Armour
 + Level 10.0 Dodging
 + Level 10.6 Shields


You had 12 spell levels left.
You didn't know any spells.
Your spell library was empty.

Dungeon Overview and Level Annotations

Branches:
Dungeon (11/15)            Temple (0/1) D:5            Lair (5/5) D:11
 Shoals (0/4) Lair:3       Spider (0/4) Lair:2          Orc (0/2) D:10
  Slime: Lair:4-5

Altars:
Cheibriados
Dithmenos
Elyvilon
Gozag
Kikubaaqudgha
Makhleb
Nemelex Xobeh
Qazlal
Ru
Sif Muna
Vehumet
Xom
Yredelemnul
The Shining One

Shops:
D:5 =   D:10 *

Annotations:
D:5 2 transporters, Menkaure
Lair:1 1 runed translucent door, barrythebear's ghost, journeyman MiFi


Innate Abilities, Weirdness & Mutations

You have a pair of horns on your head.
You reflexively headbutt those who attack you in melee.


Message History

The death yak gores you but does no damage.
You block the death yak's attack. You block the tyrant leech's attack.
The blink frog hits your yak!
You slice the death yak!! You burn the death yak!
Your headbutt misses the death yak.
The death yak is severely wounded.
You closely miss the tyrant leech. You hit the death yak.
You burn the death yak.
The death yak closely misses your basilisk.
The death yak gores you but does no damage.
You block the death yak's attack. The blink frog hits your yak!
The tyrant leech bites you but does no damage.
The blink frog blinks!
Your yak gores the blink frog!
Your polar bear bites the death yak but does no damage.
Your polar bear claws the death yak.
Your polar bear claws the death yak but does no damage.
Your yak barely misses the blink frog.
Your yak gores the death yak but does no damage.
Your basilisk bites the death yak!
Your yak gores the death yak.
Your yak closely misses the blink frog.
The death yak gores your polar bear!!
The death yak gores you but does no damage.
The death yak gores your basilisk!!
You hit the death yak. You burn the death yak.
The death yak is severely wounded.
You barely miss the tyrant leech. You slash the death yak!
You burn the death yak. The blink frog hits your yak! x2
The blink frog hits your yak.
Your basilisk bites the death yak.
Your polar bear bites the death yak.
Your polar bear claws the death yak but does no damage.
Your polar bear barely misses the death yak.
Your yak misses the blink frog.
Your yak gores the death yak!
Your yak misses the blink frog.
Your yak gores the death yak!
The tyrant leech bites you!!
* * * LOW HITPOINT WARNING * * *
The tyrant leech draws strength from your injuries!
Your yak gores the blink frog!
Your yak gores the blink frog.
The death yak closely misses your basilisk.
The death yak barely misses you. You furiously retaliate!
You headbutt the death yak! The death yak gores you!
You die...

#P.#................
#..................
#..................
#...................~
#.....Y.....F.......P.
#..#....Y.........~...
#..#####Y##.......~..~
##...#####w#PP......~.~
#P<.....hY@#PY.......~~
#.†.###.YlYw+.§...~..~≈
##...#..YYYYS.....P.~~P
#..###.YF#Y.....F..~~P
#..P#..YF.#...†.~..~~≈
#..####..##...†...~~#P
.... #####.†...P.~~#
P...# #P.......~##
...... ..........~~~~#


You could see 4 death yaks, a tyrant leech (slow, ally target), 2 blink frogs, a
water moccasin (slow), a friendly torpor snail (summoned), a friendly polar bear
(summoned), 9 friendly yaks and a friendly basilisk (summoned).

Vanquished Creatures
  Gastronok (D:8)
  Josephine (Lair:4)
  Erolcha (D:9)
  A hydra (Lair:5)
  Harold (D:10)
  A centaur warrior (D:10)
  A boulder beetle (Lair:3)
  2 two-headed ogres
  2 death yaks (Lair:5)
  Amaemon (D:10)
  Pikel (D:8)
  2 ugly things
  8 elephants (Lair:4)
  Joseph (D:8)
  A black mamba (Lair:1)
  12 cane toads
  2 rime drakes
  An orange demon (D:10)
  2 komodo dragons
  An unseen horror (D:10)
  3 hornets
  Grinder (D:6)
  2 trolls
  2 polar bears (Lair:2)
  7 blink frogs
  A large abomination (Abyss:2)
  3 jumping spiders (Lair:2)
  5 wraiths (Lair:4)
  7 wyverns
  3 basilisks
  30 yaks
  A vampire mosquito (Lair:5)
  A steam dragon (D:8)
  7 water moccasins
  4 orc warriors
  6 black bears
  4 ice beasts
  A wolf (D:11)
  15 centaurs
  A phantom (D:5)
  5 bullfrogs
  3 gnoll sergeants
  3 necrophages
  6 scorpions
  10 wights
  9 killer bees
  An electric eel (Lair:1)
  6 howler monkeys
  A gnoll bouda (D:7)
  3 hounds
  A jelly (D:5)
  3 orc priests
  6 iguanas
  7 orc wizards
  9 gnolls
  3 adders
  2 shadow imps
  2 white imps
  2 worms
  3 dart slugs
  37 orcs
  7 ball pythons
  7 bats
  7 endoplasms
  3 giant cockroaches
  10 goblins
  6 hobgoblins
  12 jackals
  5 kobolds (D:3)
  5 quokkas
  2 frilled lizards (D:3)
  7 rats
340 creatures vanquished.

Vanquished Creatures (others)
  A bush (Lair:4)
  21 fungi
  73 plants
95 creatures vanquished.

Grand Total: 435 creatures vanquished

Notes
Turn   | Place    | Note
-------+----------+-------------------------------------------
     0 | D:1      | Emberiza the Minotaur Berserker began the quest for the
                  | Orb.
     0 | D:1      | Reached XP level 1. HP: 19/19 MP: 0/0
     0 | D:1      | Noticed a black draconian
     0 | D:1      | Noticed an orb of fire
     1 | D:1      | Noticed an ice dragon
     3 | D:1      | Noticed a tentacled monstrosity
     5 | D:1      | Noticed a golden dragon
     6 | D:1      | Noticed an orb of fire
     8 | D:1      | Noticed a shadow dragon
     9 | D:1      | Noticed a shadow dragon
    11 | D:1      | Noticed an orb of fire
    13 | D:1      | Noticed a shadow dragon
    13 | D:1      | Noticed an iron dragon
    15 | D:1      | Noticed an iron dragon
    15 | D:1      | Noticed a large abomination
    17 | D:1      | Noticed a tentacled monstrosity
    17 | D:1      | Noticed a white draconian
    19 | D:1      | Noticed an ice dragon
   224 | D:1      | Reached skill level 4 in Axes
   323 | D:1      | Reached XP level 2. HP: 24/26 MP: 1/1
   693 | D:2      | Found a snail-covered altar of Cheibriados.
   748 | D:2      | Reached skill level 5 in Axes
   748 | D:2      | You fall into a shaft and drop 2 floors!
   808 | D:3      | Found a shimmering blue altar of Sif Muna.
   826 | D:3      | Reached XP level 3. HP: 26/31 MP: 2/2
   830 | D:3      | Reached ** piety under Trog
   855 | D:3      | Reached skill level 6 in Axes
   855 | D:3      | Reached XP level 4. HP: 39/39 MP: 3/3
  1028 | D:2      | Found a faded altar of an unknown god.
  1032 | D:2      | Identified the +9 war axe "Pysolief" {vamp, rF+ Will-
                  | Dex+4}
  1812 | D:4      | Reached *** piety under Trog
  1845 | D:4      | Noticed a black bear
  1851 | D:4      | Killed a black bear
  1852 | D:4      | Reached skill level 7 in Axes
  1852 | D:4      | Reached XP level 5. HP: 45/45 MP: 4/4
  1929 | D:4      | Reached skill level 8 in Axes
  2077 | D:4      | Reached XP level 6. HP: 51/51 MP: 5/5
  2195 | D:5      | Entered Level 5 of the Dungeon
  2207 | D:5      | Found a staircase to the Ecumenical Temple.
  2303 | D:5      | Found a transporter.
  2307 | D:5      | Found a transporter.
  2309 | D:5      | Noticed a vampire
  2489 | D:5      | Found an ancient bone altar of Kikubaaqudgha.
  2489 | D:5      | Noticed Menkaure
  2491 | D:5      | Found a basalt altar of Yredelemnul.
  2498 | D:5      | Reached skill level 9 in Axes
  2516 | D:5      | Found Ujut's Jewellery Shoppe.
  2567 | D:5      | Reached XP level 7. HP: 55/57 MP: 6/6
  2645 | D:5      | Reached **** piety under Trog
  2646 | D:5      | Reached skill level 10 in Axes
  3243 | D:6      | Reached skill level 11 in Axes
  3273 | D:6      | Reached XP level 8. HP: 58/64 MP: 7/7
  3604 | D:6      | Noticed Grinder
  3612 | D:6      | Killed Grinder
  3613 | D:6      | Reached skill level 12 in Axes
  3715 | D:6      | Found a shadowy altar of Dithmenos.
  3715 | D:6      | Found a sacrificial altar of Ru.
  3716 | D:6      | Found a white marble altar of Elyvilon.
  3855 | D:6      | Found a shimmering altar of Xom.
  4114 | D:7      | Found a glowing golden altar of the Shining One.
  4123 | D:7      | Reached skill level 13 in Axes
  4132 | D:7      | Found a radiant altar of Vehumet.
  4374 | D:7      | Reached skill level 14 in Axes
  4374 | D:7      | Found a stormy altar of Qazlal.
  4450 | D:7      | Reached XP level 9. HP: 70/70 MP: 8/8
  4514 | D:7      | Found a burning altar of Makhleb.
  4690 | D:7      | Found a sparkling altar of Nemelex Xobeh.
  4902 | D:7      | Reached skill level 15 in Axes
  5206 | D:8      | Identified the +0 helmet of the Trombone {rC++}
  5238 | D:8      | Reached skill level 16 in Axes
  5242 | D:8      | Reached ***** piety under Trog
  5319 | D:8      | Noticed Pikel
  5327 | D:8      | Killed Pikel
  5328 | D:8      | Reached skill level 17 in Axes
  5328 | D:8      | Reached XP level 10. HP: 54/77 MP: 9/9
  5331 | D:8      | Identified a scroll of acquirement
  5331 | D:8      | Acquired an amulet of regeneration
  5535 | D:8      | Noticed Gastronok
  5545 | D:8      | Killed Gastronok
  5546 | D:8      | Reached skill level 18 in Axes
  5546 | D:8      | Reached skill level 1 in Shields
  5786 | D:8      | Noticed Joseph
  5795 | D:8      | Killed Joseph
  6084 | D:8      | Noticed a two-headed ogre
  6090 | D:8      | Killed a two-headed ogre
  6186 | D:8      | Reached skill level 5 in Fighting
  6650 | D:9      | Reached skill level 5 in Armour
  6650 | D:9      | Reached XP level 11. HP: 76/89 MP: 10/10
  7145 | D:9      | Noticed Erolcha
  7145 | Abyss:1  | Cast into level 1 of the Abyss (Erolcha)
  7146 | Abyss:1  | Found a corrupted altar of Lugonu.
  7223 | Abyss:2  | Noticed a balrug
  7232 | D:9      | Escaped the Abyss
  7241 | D:9      | Killed Erolcha
  7242 | D:9      | Reached skill level 5 in Dodging
  7242 | D:9      | Reached skill level 5 in Shields
  7624 | D:10     | Entered Level 10 of the Dungeon
  7696 | D:10     | Found Xaon's Assorted Antiques.
  7737 | D:10     | Found an opulent altar of Gozag.
  7840 | D:10     | Noticed Harold
  7848 | D:10     | Killed Harold
  7857 | D:10     | Noticed a green ugly thing
  7867 | D:10     | Killed a green ugly thing
  7890 | D:10     | Identified the +0 plate armour of Ixkiont {rF+}
  7982 | D:10     | Noticed Amaemon
  7988 | D:10     | Killed Amaemon
  8038 | D:10     | Noticed a centaur warrior
  8048 | D:10     | Killed a centaur warrior
  8163 | D:10     | Found a staircase to the Orcish Mines.
  8210 | D:10     | Paralysed by a hornet for 2 turns
  8847 | D:11     | Noticed a two-headed ogre
  8853 | D:11     | Killed a two-headed ogre
  9201 | D:11     | Received a gift from Trog
  9219 | D:11     | Noticed a red ugly thing
  9227 | D:11     | Killed a red ugly thing
  9233 | D:11     | Found a staircase to the Lair.
  9241 | D:11     | Reached XP level 12. HP: 98/103 MP: 11/11
  9617 | Lair:1   | Entered Level 1 of the Lair of Beasts
  9680 | Lair:1   | Found a runed translucent door.
  9680 | Lair:1   | Noticed barrythebear's ghost (journeyman MiFi)
 10324 | Lair:2   | Identified the amulet "Pauthru" {Acrobat Slay+2}
 10546 | Lair:2   | Found a hole to the Spider Nest.
 10873 | Lair:3   | Noticed a boulder beetle
 10909 | Lair:3   | Killed a boulder beetle
 11121 | Lair:3   | Found a staircase to the Shoals.
 11225 | Lair:3   | Identified the +0 pair of boots of Ziocuum {rCorr Int+4
                  | Stlth+}
 11326 | Lair:3   | Identified the +10 scimitar of a Labyrinth {venom, rF+}
 12086 | Lair:4   | Reached skill level 10 in Fighting
 12285 | Lair:4   | Noticed Josephine
 12293 | Lair:4   | Killed Josephine
 12294 | Lair:4   | Reached skill level 10 in Armour
 12542 | Lair:4   | Reached XP level 13. HP: 114/114 MP: 12/12
 12573 | Lair:4   | Reached skill level 10 in Shields
 12719 | Lair:4   | Received a gift from Trog
 13043 | Lair:5   | Entered Level 5 of the Lair of Beasts
 13156 | Lair:5   | Reached skill level 10 in Dodging
 13176 | Lair:5   | Slain by a death yak

Illustrated notes

Levels and vault maps discovered:
D:1:      shiori_arrival_whats_in_store_for_you, layout_basic
D:2:      layout_rooms, basic_altar, basic_ecumenical_altar
D:3:      layout_rooms, lemuel_blue_sif_altar, hangedman_abyss_or_decor_stabs,
          minmay_misc_feat_cross, lightli_corner_chamber
D:4:      cheibrodos_greedy_goblins, layout_basic
D:5:      layout_basic, gammafunk_temple_of_torment,
          minmay_temple_entry_purple_smoke, serial_shops,
          nicolae_shop_advertising_works [nicolae_subvault_shop_adworks]
D:6:      layout_loops_corners, nicolae_overflow_hidden_temple,
          gammafunk_temple_overflow_claw, grunt_ministairs_1, uniq_grinder
D:7:      minmay_razor_zed, layout_basic, kennysheep_mini_moat,
          grunt_qazlal_sundering, mainiacjoe_overflow_paths,
          chequers_temple_overflow_statue_of_worship, minmay_increasing_density
D:8:      layout_loops_cross, uniq_pikel, uniq_gastronok, uniq_joseph
D:9:      layout_layer_cave, uniq_erolcha
D:10:     nicolae_cairo_tiling, layout_basic, grunt_gozag_breadcrumbs,
          serial_shops, nicolae_diamond_shop, enter_bailey_7, st_stairs_2,
          uniq_harold, uniq_amaemon
D:11:     layout_rooms, minmay_lair_entry_grove, hangedman_decor_push
Lair:1:   layout_gridlike, ebering_ghost_inner_flame, grunt_megastairs_3,
          infiniplex_staircase_pool
Lair:2:   layout_long_grid, spider_nest_entry_funnel_web,
          infiniplex_staircase_pool_2
Lair:3:   layout_cave_pods, minmay_shoals_entry_centaurs
Lair:4:   layout_loops_ring, uniq_josephine
Lair:5:   minmay_lair_end_frog_pond, layout_regular_city, slime_entry_1,
          basic_altar

Skill      XL: |  1  2  3  4  5  6  7  8  9 10 11 12 13 |
---------------+----------------------------------------+-----
Axes           | 4 5 6 7 8 9 11 14 17 18 | 18.0
Shields        | 4 7 9 10 | 10.6
Fighting       | 5 8 10 11 | 11.3
Armour         | 5 7 10 11 | 11.0
Dodging        | 4 7 9 10 | 10.0

Action                   |  1- 3 |  4- 6 |  7- 9 | 10-12 | 13-15 || total
-------------------------+-------+-------+-------+-------+-------++-------
Melee: Hand axe          |    45 |       |       |       |       ||    45
       Headbutt          |     5 |    13 |    23 |    74 |    23 ||   138
       Punch             |     1 |       |       |       |       ||     1
       War axe           |     1 |   110 |   147 |   210 |       ||   468
       Broad axe         |       |       |       |   186 |    72 ||   258
Invok: Berserk           |     1 |     1 |     1 |    10 |     2 ||    15
       Trog's Hand       |       |       |       |     3 |     2 ||     5
       Brothers in Arms  |       |       |       |       |     1 ||     1
  Use: Scroll            |     4 |       |     5 |    14 |     1 ||    24
       Potion            |       |       |       |       |     2 ||     2
Armor: Scale mail        |    27 |    51 |    53 |     3 |       ||   134
       Animal skin       |     2 |       |       |       |       ||     2
       Chain mail        |       |       |       |    25 |       ||    25
       Plate armour      |       |       |       |   199 |    51 ||   250
Dodge: Dodged            |    27 |    46 |    66 |   148 |    31 ||   318
Block: Kite shield       |       |       |    19 |   194 |    55 ||   268

Table legend: (Time is in decaauts)
 A = Elapsed time spent in this place.
 B = Non-inter-level travel time spent in this place.
 C = Inter-level travel time spent in this place.
 D = Time resting spent in this place.
 E = Time spent auto-exploring this place.
 F = Levels seen in this place.
 G = Mean time per level.
                   A        B        C        D        E       F      G
               +--------+--------+--------+--------+--------+-----+--------+
         Total |  13251 |  12699 |    552 |   1092 |   9272 |  18 |  736.2 |
       Dungeon |   9590 |   9144 |    446 |    630 |   6814 |  11 |  871.8 |
          Lair |   3567 |   3461 |    106 |    428 |   2457 |   5 |  713.4 |
         Abyss |     94 |     94 |      0 |     33 |      0 |   2 |   47.0 |
               +--------+--------+--------+--------+--------+-----+--------+

Top non-repeatable levels by time:
    D:10: 1474 daAuts
     D:9: 1242 daAuts
  Lair:4: 1236 daAuts
     D:8: 1106 daAuts
     D:7: 1098 daAuts
     D:6: 1011 daAuts
  Lair:3: 949 daAuts
     D:5: 892 daAuts
     D:1: 677 daAuts
  Lair:1: 641 daAuts
  Lair:2: 596 daAuts
     D:4: 591 daAuts
     D:3: 582 daAuts
    D:11: 536 daAuts
     D:2: 377 daAuts
